 Dungeon Crawl Stone Soup version 0.27-a0-906-g0a00ce863d (webtiles) character file.

Game seed: 9366894992230672849

112 dickylongcocking the Stinger (level 4, -11/27 HPs)
             Began as an Octopode Venom Mage on Apr 8, 2021.
             Mangled by Sigmund
             ... wielding a +0 scythe
              (14 damage)
             ... on level 2 of the Dungeon.
             The game lasted 00:02:49 (2539 turns).

dickylongcocking the Stinger (Octopode Venom Mage)  Turns: 2539, Time: 00:02:49

Health: -11/27     AC:  1    Str:  4 (7)  XL:     4   Next: 93%
Magic:  0/8        EV: 12    Int: 15 (18) God:
Gold:   96         SH:  2    Dex:  9 (12) Spells: 3/9 levels left

rFire    . . .     SeeInvis .   h - staff of poison
rCold    . . .     Faith    .   f - +0 buckler
rNeg     . . .     Spirit   .   (helmet restricted)
rPois    +         Reflect  .   (no amulet)
rElec    .         Harm     .   (no ring)
rCorr    .         Rampage  .   (no ring)
Will     .....                  (no ring)
Stlth    +++.......             (no ring)
HPRegen  0.09/turn              (no ring)
MPRegen  0.11/turn              (no ring)
                                (no ring)
                                (no ring)

@: no status effects
A: almost no armour, amphibious, 8 rings, camouflage 1, gelatinous body 1,
(nimble swimmer 1), tentacles
a: no special abilities


You were on level 2 of the Dungeon.
You visited 1 branch of the dungeon, and saw 2 of its levels.

You collected 96 gold pieces.

Inventory:

Hand Weapons
 e - a +1 dagger of venom
Armour
 f - a +0 buckler (worn)
Magical Staves
 h - a staff of poison (weapon)
Jewellery
 c - a ring of ice
Scrolls
 a - 2 scrolls of amnesia {unknown}
 d - 4 scrolls of identify {unknown}
 g - a scroll of fog {unknown}
 i - a scroll of enchant armour {unknown}


   Skills:
 - Level 2.1 Dodging
 - Level 2.8 Stealth
 - Level 0.2 Unarmed Combat
 * Level 3.1 Spellcasting
 - Level 1.5 Transmutations
 * Level 5.2 Poison Magic


You had 3 spell levels left.
You knew the following spells:

 Your Spells              Type           Power      Damage    Failure   Level
a - Sting                 Tmut/Pois      72%        1d6       9%          1
i - Ignite Poison         Fire/Tmut/Pois 13%        N/A       36%         3
p - Poisonous Vapours     Pois/Air       30%        N/A       17%         2

Your spell library contained the following spells:

 Spells                   Type           Power      Damage    Failure   Level
 Mephitic Cloud           Conj/Pois/Air  11%        N/A       43%         3
 Olgreb's Toxic Radiance  Pois           27%        N/A       36%         4


Dungeon Overview and Level Annotations

Branches:
Dungeon (2/15)

Altars:

Annotations:
D:2 1 runed translucent door, Crazy Yiuf, Sigmund


Innate Abilities, Weirdness & Mutations

You cannot wear most types of armour.
You are amphibious.
You can wear up to eight rings at the same time.
Your skin changes colour to match your surroundings (Stealth+).
Your rubbery body absorbs attacks. (AC +1, EV +1)
((You are camouflaged near water. (Stealth+)))
You have tentacles for arms and can constrict up to eight enemies at once.


Message History

You aren't carrying any items that you can evoke.
There is a strange disturbance nearby!
You aren't carrying any potions.
Unknown command.
You aren't carrying any potions.
Unknown command.
Casting: Sting (safe; 9% risk of failure)
Confirm with . or Enter, or press ? or * to list all spells.
Aiming: Poisonous Vapours (safe; 17% risk of failure)
Press: ? - help, Dir - move target You feel a surge of power!
You see nothing there to target!
Unknown command.
Unknown command.
Casting: Poisonous Vapours (safe; 17% risk of failure)
Confirm with . or Enter, or press ? or * to list all spells.
Aiming: Poisonous Vapours (safe; 17% risk of failure)
Press: ? - help, Dir - move target You feel a surge of power!
You see nothing there to target!
Casting: Poisonous Vapours (safe; 17% risk of failure)
Confirm with . or Enter, or press ? or * to list all spells.
Okay, then.
Casting: Poisonous Vapours (safe; 17% risk of failure)
Confirm with . or Enter, or press ? or * to list all spells.
Aiming: Sting (safe; 9% risk of failure)
Press: ? - help, Shift-Dir - straight line You feel a surge of power!
The sting hits something but does no damage.
Unknown command.
Casting: Sting (safe; 9% risk of failure)
Confirm with . or Enter, or press ? or * to list all spells.
Aiming: Sting (safe; 9% risk of failure)
Press: ? - help, Shift-Dir - straight line You feel a surge of power!
The sting hits something.
Something hits you.
* * * LOW HITPOINT WARNING * * *
Unknown command.
Unknown command.
Unknown command.
Something hits you!
Ouch! That really hurt!
You die...

..##..[... #.#
#......##.. ###.#
#.###### ... #...#
#.########## #.###
...........# #.#
#.##.#####.# #.#
#.##^.####.# #.#
........##)# #####.#
..##.##.##.####.@.#.#
.#.#.##......)......#
.@........####....###
......##### ##..##
.....## ♣....♣ .#####
♣♣...♣ ## ♣♣.♣♣ .#
♣♣.♣ .# ♣.♣♣


There were no monsters in sight!

Vanquished Creatures
  2 orc priests (D:2)
  An adder (D:2)
  A worm (D:2)
  An orc (D:2)
  4 endoplasms (D:1)
  4 giant cockroaches
  7 goblins
  3 hobgoblins (D:1)
  2 quokkas (D:1)
  A ball python (D:1)
  6 bats
  A frilled lizard (D:1)
  2 kobolds
  2 rats
37 creatures vanquished.

Vanquished Creatures (others)
  A fungus (D:2)
1 creature vanquished.

Grand Total: 38 creatures vanquished

Notes
Turn   | Place    | Note
-------+----------+-------------------------------------------
     0 | D:1      | dickylongcocking the Octopode Venom Mage began the quest
                  | for the Orb.
     0 | D:1      | Reached XP level 1. HP: 11/11 MP: 3/3
   409 | D:1      | Reached skill level 4 in Poison Magic
   435 | D:1      | Reached XP level 2. HP: 13/17 MP: 1/5
  1538 | D:1      | Reached XP level 3. HP: 21/21 MP: 6/6
  2023 | D:2      | Found a faded altar of an unknown god.
  2053 | D:2      | Learned a level 2 spell: Poisonous Vapours
  2065 | D:2      | Learned a level 3 spell: Ignite Poison
  2189 | D:2      | Found a runed translucent door.
  2190 | D:2      | Noticed Crazy Yiuf
  2206 | D:2      | Reached XP level 4. HP: 18/27 MP: 1/8
  2250 | D:2      | Reached skill level 5 in Poison Magic
  2500 | D:2      | Noticed Sigmund
  2539 | D:2      | Mangled by Sigmund

Illustrated notes

Levels and vault maps discovered:
D:1:      tarquinn_simple_flora_water_e, layout_basic
D:2:      layout_loops_cross, basic_ecumenical_altar, uniq_sigmund,
          uniq_crazy_yiuf_cottage

Skill      XL: |  1  2  3  4 |
---------------+-------------+-----
Poison Magic   | 4 5 |  5.2
Spellcasting   | 3 |  3.1
Dodging        | |  2.1
Stealth        | |  2.8
Unarmed Combat | |  0.2
Transmutations | |  1.5

Action                   |  1- 3 |  4- 6 || total
-------------------------+-------+-------++-------
Melee: Unarmed           |    19 |     4 ||    23
       Constrict         |    16 |     4 ||    20
       Dagger            |    14 |       ||    14
       Tentacles         |     6 |     1 ||     7
       Staff             |    12 |    11 ||    23
 Cast: Sting             |    30 |     4 ||    34
       Poisonous Vapours |     1 |     5 ||     6
       Ignite Poison     |     1 |     1 ||     2
  Use: Potion            |       |     2 ||     2
 Stab: Sleeping          |     5 |       ||     5
Armor: Skin              |     7 |     4 ||    11
Dodge: Dodged            |    37 |    11 ||    48
Block: Buckler           |     8 |     3 ||    11

Table legend: (Time is in decaauts)
 A = Elapsed time spent in this place.
 B = Non-inter-level travel time spent in this place.
 C = Inter-level travel time spent in this place.
 D = Time resting spent in this place.
 E = Time spent auto-exploring this place.
 F = Levels seen in this place.
 G = Mean time per level.
                   A        B        C        D        E       F      G
               +--------+--------+--------+--------+--------+-----+--------+
         Total |   2544 |   2528 |     16 |    188 |   1989 |   2 | 1272.0 |
       Dungeon |   2544 |   2528 |     16 |    188 |   1989 |   2 | 1272.0 |
               +--------+--------+--------+--------+--------+-----+--------+

Top non-repeatable levels by time:
     D:1: 1807 daAuts
     D:2: 736 daAuts
